 Dungeon Crawl Stone Soup version 0.21-a0-72-gbbb65ab (webtiles) character file.

2360 Ordine the Carver (level 9, -11/50 HPs)
             Began as a Tengu Fighter on June 19, 2017.
             Was an Initiate of Gozag.
             Mangled by a two-headed ogre
             ... wielding a +0 giant club
              (20 damage)
             ... on level 6 of the Dungeon.
             The game lasted 00:20:26 (5325 turns).

Ordine the Carver (Tengu Fighter)                   Turns: 5325, Time: 00:20:27

Health: -11/50     AC:  6    Str: 19    XL:     9   Next: 44%
Magic:  8/10       EV: 11    Int:  8    God:    Gozag
Gold:   378        SH:  5    Dex: 15    Spells: 8/8 levels left

rFire    . . .     SeeInvis .   a - +1 long sword
rCold    . . .     Gourm    .   k - +0 buckler
rNeg     + . .     Faith    .   b - +0 scale mail
rPois    .         Spirit   .   (helmet restricted)
rElec    .         Reflect  .   (no cloak)
rCorr    .         Harm     +   (no gloves)
MR       .....                  (boots unavailable)
Stlth    ..........             r - amulet of harm
HPRegen  0.16/turn              u - ring of positive energy
MPRegen  0.12/turn              (no ring)

@: gold aura, flying quickly and evasively, quick
A: beak, talons 3, able to fly 1
a: Potion Petition, Call Merchant, Bribe Branch, Renounce Religion


You were on level 6 of the Dungeon.
You worshipped Gozag.
Gozag was aware of your devotion.
You were not hungry.

You visited 1 branch of the dungeon, and saw 6 of its levels.

You collected 528 gold pieces.
You spent 91 gold pieces at shops.
You paid 59 gold pieces to Gozag.

Inventory:

Hand Weapons
 a - a +1 long sword (weapon)
Armour
 b - a +0 scale mail (worn)
 c - a +0 shield
 k - a +0 buckler (worn)
Jewellery
 r - an amulet of harm (around neck)
 u - a ring of positive energy (left hand)
Wands
 g - a wand of confusion (22/48)
 w - a wand of iceblast (5/15)
Scrolls
 e - a scroll of recharging
 h - 5 scrolls of remove curse
 n - 2 scrolls of fog
 p - a scroll of blinking
 t - a scroll of teleportation
Potions
 d - 3 potions of brilliance
 i - a potion of resistance
 j - a potion of cancellation
 l - a potion of invisibility {unknown}
 o - a potion of ambrosia {unknown}
Comestibles
 f - a bread ration
 m - a royal jelly
 q - a fruit
 s - 2 meat rations


   Skills:
 - Level 3.0 Fighting
 + Level 13.2 Long Blades
 - Level 3.2 Armour
 - Level 3.0 Shields


You had 8 spell levels left.
You didn't know any spells.

Dungeon Overview and Level Annotations

Branches:
Dungeon (6/15)
 Temple: D:4-7

Altars:
Ashenzari
Gozag
Kikubaaqudgha
Sif Muna

Shops:
D:4 :=*(:


Innate Abilities, Weirdness & Mutations

You have a beak for a mouth.
You have claws for feet.
You can fly.


Message History

The adder bites you.
Your scale mail prevents you from hitting the adder.
You peck the adder.
You kill the adder!
You hit the two-headed ogre.
You claw the two-headed ogre, but do no damage.
The two-headed ogre is lightly wounded.
You hit the two-headed ogre but do no damage.
You claw the two-headed ogre.
The two-headed ogre is lightly wounded.
The two-headed ogre hits you with a giant club! x2
* * * LOW HITPOINT WARNING * * *
You slash the two-headed ogre!
You claw the two-headed ogre, but do no damage.
The two-headed ogre is moderately wounded.
The crimson imp hits you.
* * * LOW HITPOINT WARNING * * *
The two-headed ogre hits you with a giant club!
You die...
Your body crumbles into a pile of gold.

#######...## #.# #.#
#....## #.# #.#
#..#..####.########.#
#.###.SO.........##.#
#..#..####.#####.##.#
###....#####.# #.##.#
#####............#####.##.#
......#.#.#######5........#
#######.#.#.....@.......###
#.#.#.#####O####..# #.#.#
#.# #..# #.#.# ###<# #..###
#.#.# #...# #....# ....#
#.### ##.#.# #.# #.#.#
#.###.#######.# #
#.............#


You could see a two-headed ogre and a crimson imp.

Vanquished Creatures
  Pikel (D:3)
  The ghost of ciphuk the Slicer, a novice KoHu (D:5)
  Grinder (D:5)
  A hippogriff (D:5)
  Edmund (D:5)
  Menkaure (D:4)
  2 slaves (D:3)
  A phantom (D:5)
  The ghost of Oki the Skirmisher, an amateur NaFi (D:3)
  A centaur (D:5)
  An ogre (D:5)
  2 scorpions
  3 vampire bats (D:2)
  A crimson imp (D:5)
  An orc priest (D:5)
  2 hounds (D:5)
  2 orc wizards (D:4)
  Ijyb (D:5)
  A worker ant (D:5)
  A howler monkey skeleton (D:5)
  8 adders
  A gnoll (D:5)
  A shadow imp (D:5)
  An ooze (D:4)
  An adder zombie (D:6)
  5 worms
  2 dart slugs (D:3)
  5 leopard geckos
  8 orcs
  5 bat skeletons (D:2)
  A bat zombie (D:2)
  2 giant cockroaches (D:1)
  3 goblins
  8 hobgoblins
  3 quokkas
  5 ball pythons
  9 bats
  5 frilled lizards
  A giant cockroach zombie (D:5)
  A jackal skeleton (D:5)
  6 kobolds
  A leopard gecko skeleton (D:4)
  A quokka zombie (D:5)
  7 rats
116 creatures vanquished.

Vanquished Creatures (others)
  A slave (D:4)
  A worm (D:4)
  2 orcs (D:4)
  A ball python (D:4)
5 creatures vanquished.

Grand Total: 121 creatures vanquished

Notes
Turn   | Place    | Note
-------+----------+-------------------------------------------
     0 | D:1      | Ordine the Tengu Fighter began the quest for the Orb.
     0 | D:1      | Reached XP level 1. HP: 14/14 MP: 2/2
   140 | D:1      | Reached XP level 2. HP: 15/19 MP: 3/3
   144 | D:1      | Reached skill level 3 in Long Blades
   759 | D:2      | Reached XP level 3. HP: 23/23 MP: 4/4
   774 | D:2      | Reached skill level 4 in Long Blades
  1382 | D:2      | Reached XP level 4. HP: 27/28 MP: 5/5
  1533 | D:2      | Found an ancient bone altar of Kikubaaqudgha.
  1549 | D:2      | Reached skill level 5 in Long Blades
  1555 | D:2      | Gained mutation: You can fly. [Tengu growth]
  1555 | D:2      | Reached XP level 5. HP: 24/32 MP: 6/6
  1561 | D:2      | Reached skill level 6 in Long Blades
  1774 | D:3      | Found a shattered altar of Ashenzari.
  2082 | D:3      | Reached XP level 6. HP: 27/37 MP: 7/7
  2277 | D:3      | Noticed Oki's ghost (amateur NaFi)
  2284 | D:3      | Killed Oki's ghost
  2284 | D:3      | Reached skill level 7 in Long Blades
  2485 | D:4      | Found Estrawk's General Store.
  2490 | D:4      | Bought a potion of brilliance for 52 gold pieces
  2490 | D:4      | Bought a scroll of remove curse for 39 gold pieces
  2492 | D:4      | Found Cangoxoch's Jewellery Boutique.
  2492 | D:4      | Found Zobaih's Antique Weapon Boutique.
  2537 | D:4      | Noticed Menkaure
  2546 | D:4      | Killed Menkaure
  2546 | D:4      | Reached skill level 8 in Long Blades
  2546 | D:4      | Reached XP level 7. HP: 34/41 MP: 4/8
  2552 | D:4      | Found Fiabb's Book Shop.
  2590 | D:4      | Noticed Pikel
  2748 | D:3      | HP: 2/41 [Pikel/whip of flaming (2)]
  2751 | D:3      | Killed Pikel
  2751 | D:3      | Reached skill level 9 in Long Blades
  2751 | D:3      | Reached XP level 8. HP: 3/46 MP: 7/9
  2977 | D:4      | Reached skill level 10 in Long Blades
  3144 | D:4      | Found Vuilelyst's Book Emporium.
  3327 | D:4      | Found an opulent altar of Gozag.
  3434 | D:4      | Became a worshipper of Gozag Ym Sagoz the Greedy
  3629 | D:5      | Entered Level 5 of the Dungeon
  3629 | D:5      | Noticed a hippogriff
  3636 | D:5      | Killed a hippogriff
  3662 | D:5      | Reached skill level 11 in Long Blades
  3795 | D:5      | Noticed Ijyb
  3800 | D:5      | Killed Ijyb
  3818 | D:5      | Noticed Edmund
  3836 | D:5      | Killed Edmund
  4103 | D:5      | Reached skill level 12 in Long Blades
  4103 | D:5      | Reached XP level 9. HP: 43/50 MP: 10/10
  4174 | D:5      | Noticed Grinder
  4216 | D:5      | Killed Grinder
  4391 | D:5      | Noticed ciphuk's ghost (novice KoHu)
  4418 | D:5      | Killed ciphuk's ghost
  4418 | D:5      | Reached skill level 13 in Long Blades
  4908 | D:5      | Found a deep blue altar of Sif Muna.
  5096 | D:6      | Noticed a two-headed ogre
  5106 | D:6      | HP: 1/50 [two-headed ogre/giant club (31)]
  5325 | D:6      | Mangled by a two-headed ogre

Vault maps used:
D:1:      moated_graveyard_arrival
D:2:      kennysheep_vampire_church
D:3:      cheibrodos_helix_gallery, old_standard_altar, first_bread
D:4:      grunt_gozag_breadcrumbs, serial_shops,
          nicolae_shop_overgrown_old_shop, nicolae_shop_statue_plus,
          nicolae_shop_window_shopping, shop, kennysheep_mini, uniq_pikel,
          uniq_menkaure
D:5:      lemuel_doored_altar, uniq_ijyb, uniq_edmund, uniq_grinder
D:6:      serial_bayou_pond_e

Skill      XL: |  1  2  3  4  5  6  7  8  9 |
---------------+----------------------------+-----
Long Blades    | 3 4 5 6 8 9 12 13 | 13.2
Fighting       | |  3.0
Armour         | |  3.2
Shields        | |  3.0

Action                   |  1- 3 |  4- 6 |  7- 9 || total
-------------------------+-------+-------+-------++-------
Melee: Long sword        |    75 |    89 |   214 ||   378
       Kick              |    20 |    28 |    82 ||   130
       Peck              |    18 |    15 |    43 ||    76
Invok: Potion Petition   |       |       |     1 ||     1
 Abil: Fly               |       |     2 |     7 ||     9
  Use: Scroll            |     8 |     1 |     7 ||    16
       Potion            |     1 |     1 |     4 ||     6
 Stab: Distracted        |       |       |     2 ||     2
  Eat: Chunk             |     2 |     3 |       ||     5
       Bread ration      |       |       |     3 ||     3
Armor: Scale mail        |    48 |    49 |    61 ||   158
Dodge: Dodged            |    26 |    50 |    62 ||   138
Block: Shield            |    23 |       |       ||    23
       Buckler           |    13 |    20 |    31 ||    64
       Rpst.: Long sword |    11 |    18 |    23 ||    52
